 Dungeon Crawl Stone Soup version 0.31.0-9-g3a7656b989 (webtiles) character file.

Game seed: 14701420543137260500

4 freelancePsychic the Sneak (level 1, 0/18 HPs)
             Began as a Formicid Delver on Jan 25, 2024.
             Slain by a phantom (2 damage)
             ... on level 5 of the Dungeon.
             The game lasted 00:01:20 (254 turns).

freelancePsychic the Sneak (Formicid Delver)         Turns: 254, Time: 00:01:20

Health: 0/18       AC:  3    Str: 16    XL:     1   Next: 77%
Magic:  1/1        EV: 12    Int:  9    God:
Gold:   33         SH:  0    Dex: 15    Spells: 0/0 levels left

rFire   . . .        a - +0 mace
rCold   . . .        (no shield)
rNeg    . . .        b - +0 leather armour
rPois   .            (helmet unavailable)
rElec   .            (no cloak)
rCorr   .            (no gloves)
SInv    +            (no boots)
Will    .....        (no amulet)
Stlth   +++          (no ring)
HPRegen 0.23/turn    (no ring)
MPRegen 0.07/turn

%: no passive effects
@: no status effects
A: permanent stasis, dig shafts and tunnels, antennae 3, four strong arms
a: Dig, Shaft Self


You were on level 5 of the Dungeon.
You visited 1 branch of the dungeon, and saw 3 of its levels.

You collected 33 gold pieces.

Inventory:

Hand Weapons
 a - a +0 mace (weapon)
Armour
 b - a +0 leather armour (worn)
Jewellery
 i - a ring of poison resistance
Wands
 f - a wand of digging (3)
Scrolls
 c - a scroll of fog
 d - a scroll of revelation
 e - 2 scrolls of fear
 g - 3 scrolls of identify {unknown}
Potions
 h - a potion of curing {unknown}


   Skills:
 + Level 3.3 Fighting
 + Level 2.1 Maces & Flails
 + Level 1.9 Dodging
 + Level 6.1 Stealth


You couldn't memorise any spells.
You didn't know any spells.
Your spell library was empty.

Dungeon Overview and Level Annotations

Branches:
Dungeon (5/15)
 Temple: D:4-7

Altars:
Trog

Shops:
D:4 *

Annotations:
D:4 Eustachio


Innate Abilities, Weirdness & Mutations

You cannot be hasted, slowed, berserked, paralysed or teleported.
You can dig through walls and to a lower floor.
You have a pair of large antennae on your head. (SInv)
Your four strong arms can wield two-handed weapons with a shield.


Message History

The phantom barely misses you. x2
You barely miss the phantom.
The phantom is lightly damaged.
The phantom hits you.
You are too injured to fight recklessly!
You are too injured to fight recklessly!
You are too injured to fight recklessly!
You are too injured to fight recklessly!
You are too injured to fight recklessly!
You are too injured to fight recklessly!
You are too injured to fight recklessly!
You are too injured to fight recklessly!
You are too injured to fight recklessly!
You are too injured to fight recklessly!
You are too injured to fight recklessly!
You are too injured to fight recklessly!
You are too injured to fight recklessly!
You are too injured to fight recklessly!
You are too injured to fight recklessly!
You are too injured to fight recklessly!
You are too injured to fight recklessly!
You are too injured to fight recklessly!
You closely miss the phantom.
The phantom is lightly damaged.
The phantom hits you.
You thump the phantom!
The phantom is heavily damaged.
The phantom closely misses you. The phantom barely misses you.
You barely miss the phantom.
The phantom is heavily damaged.
The phantom hits you.
* * * LOW HITPOINT WARNING * * *
You hit the phantom but do no damage.
The phantom is heavily damaged.
The phantom hits you.
* * * LOW HITPOINT WARNING * * *
You hit the phantom.
The phantom is heavily damaged.
The phantom barely misses you. The phantom hits you.
You die...

#. ... #
#. .. #.#.
##.#
.#..... ..
.[#
#.#.[##.##
#.........
#.#=#
#@#.##
#W#...#
#.###<#..#
..#
##.......
#.#
#..##..
#.. ....
#.. .##..
#. .# . #


You could see a phantom.

Vanquished Creatures
  A dart slug (D:5)
  A hobgoblin (D:4)
  A ball python (D:4)
3 creatures vanquished.

Notes
Turn   | Place    | Note
-------+----------+-------------------------------------------
     0 | D:5      | freelancePsychic the Formicid Delver began the quest for
                  | the Orb.
     0 | D:5      | Reached XP level 1. HP: 18/18 MP: 1/1
    16 | D:5      | Noticed an iguana
   122 | D:4      | Noticed Eustachio
   140 | D:4      | Found Jidamy's Overcharged Wands.
   171 | D:3      | Noticed an iguana
   207 | D:4      | Found a bloodstained altar of Trog.
   210 | D:4      | Noticed a bombardier beetle
   238 | D:5      | Noticed a phantom
   254 | D:5      | Slain by a phantom

Illustrated notes

Levels and vault maps discovered:
D:3:      layout_rooms, shapermc_ecumenical_altar_notcrosses,
          minmay_fractal_squares_5
D:4:      layout_cave_pools, mainiacjoe_overflow_small_starburst,
          mainiacjoe_overflow_chevrons, nicolae_shop_overcharged_wands,
          uniq_edmund, uniq_eustachio, uniq_crazy_yiuf_cottage
D:5:      layout_loops_ring

Action                     || total
---------------------------++-------
  Melee: Mace              ||    16
         Punch             ||     1
   Stab: Sleeping          ||     1
 Armour: Leather armour    ||    10
  Dodge: Dodged            ||     8
